Map: [ESL] Goldenaura

Players

Astrea - Winner!

  • Race: Protoss Protoss
  • Spawn Location: 12:00

Kelazhur

  • Race: Terran Terran
  • Spawn Location: 5:00

Event: ESL SC2 Masters 2023 Winter (Regional)

VOD

Have the link to the VOD?

Description

Time

  • Played on: Nov. 10, 2023, 12:22 p.m.
  • Length: 4:01

All games in this series

Show
View Real Time Build Order
Export as new Build Order

Astrea Protoss - Winner!

Build Orders:  

Get SALT Encoding   

  12  0:00  Probe  
  13  0:12  Pylon  
  13  0:17  Probe  
  14  0:30  Gateway  
  14  0:32  Probe (Chrono Boost)  
  15  0:42  Assimilator, Probe (Chrono Boost)  
  16  0:47  Probe (Chrono Boost)  
  17  0:50  Assimilator  
  17  0:59  Probe  
  18  1:11  Probe  
  19  1:17  Cybernetics Core  
  19  1:18  Zealot  
  21  1:23  Probe  
  22  1:27  Pylon  
  22  1:35  Probe  
  23  1:47  Probe  
  23  1:53  Stargate, Adept (Chrono Boost)  
  24  1:58  Warp Gate  
  26  2:03  Probe  
  27  2:18  Adept  
  29  2:23  Pylon  
  29  2:28  Probe  
  33  2:46  Void Ray (Chrono Boost)  
  33  2:51  Shield Battery  
  33  3:02  Gateway  
  33  3:19  Void Ray (Chrono Boost)  
  37  3:30  Pylon  
Show
View Real Time Build Order
Export as new Build Order

Kelazhur Terran 

Build Orders: Reaper Expand 

Get SALT Encoding   

  12  0:00  SCV  
  13  0:12  SCV  
  14  0:17  Supply Depot  
  14  0:24  SCV  
  15  0:38  SCV  
  15  0:40  Barracks  
  16  0:44  Refinery  
  16  0:50  SCV  
  17  1:03  SCV  
  18  1:15  SCV  
  19  1:27  Orbital Command, Reaper  
  20  1:39  Command Center  
  20  1:48  Supply Depot  
  20  1:53  SCV  
  21  1:59  Marine  
  22  2:05  SCV  
  22  2:07  Barracks  
  23  2:13  Bunker  
  23  2:17  SCV, Marine  
  25  2:29  SCV  
  25  2:37  Barracks Reactor  
  25  2:41  SCV  
  24  2:53  SCV  
  24  2:58  Barracks Tech Lab  
  24  3:05  Command Center, SCV  
  25  3:15  Marine x2  
  25  3:18  SCV, Marauder  
  30  3:21  Supply Depot  
  30  3:30  SCV  
  29  3:42  Marine x3  
  29  3:43  SCV  
Tags
 
Add a new tag
Caveats
  • Supply blocks, unpowered buildings, or Contaminate may cause inaccurate times.
  • Supply counts are checked every 10 seconds.